| TOP OF THE 1ST |
|
Clinton LumberKings batting - Pitching for Kannapolis Intimidators : RHP Jake Milligan
|
|
Pitching: RHP Jake Milligan
|
|
|
Batting: RHB Tomokazu Sugimoto
|
0-0: Called Strike 0-1: Ball 1-1: Called Strike 1-2: Ball 2-2: Ball 3-2: Strikes out swinging
|
|
Batting: RHB Antonio Oyola
|
0-0: Ball 1-0: Ball 2-0: Ball 3-0: Foul Ball, location: 2F 3-1: Swinging Strike 3-2: Base on Balls
|
|
Batting: LHB William Gonzales
|
0-0: Called Strike 0-1: Ball 1-1: Called Strike 1-2: Strikes out looking and he ARGUES THE CALL AND IS TOSSED!
|
|
Batting: LHB Taki Matsui
|
0-0: Ball Antonio Oyola steals 2nd base 1-0: Foul Ball, location: 2F 1-1: Ball 2-1: Swinging Strike 2-2: Strikes out swinging
|
| Top of the 1st over - 0 runs, 0 hits, 0 errors, 1 left on base; Clinton 0 - Kannapolis 0 |
| BOTTOM OF THE 1ST |
|
Kannapolis Intimidators batting - Pitching for Clinton LumberKings : RHP Frank Kats
|
|
Pitching: RHP Frank Kats
|
|
|
Batting: RHB Kunimatsu Oya
|
0-0: Ball 1-0: Ground out 6-3 (Groundball, 6M, EV 109.4 MPH)
|
|
Batting: SHB Andres Agudo
|
0-0: Called Strike 0-1: Called Strike 0-2: Ball 1-2: Ground out 4-3 (Groundball, 34D, EV 108.1 MPH)
|
|
Batting: LHB Jesus Ramirez
|
0-0: Ground out 6-3 (Groundball, 6M, EV 111.9 MPH)
|
| Bottom of the 1st over - 0 runs, 0 hits, 0 errors, 0 left on base; Clinton 0 - Kannapolis 0 |
| TOP OF THE 2ND |
|
Clinton LumberKings batting - Pitching for Kannapolis Intimidators : RHP Jake Milligan
|
|
Batting: RHB Jose Zuniga
|
0-0: Called Strike 0-1: Ball 1-1: Swinging Strike 1-2: Strikes out swinging
|
|
Batting: RHB Matt Fenimore
|
0-0: Ball 1-0: Called Strike 1-1: Foul Ball, location: 2F 1-2: Foul Ball, location: 2F 1-2: Strikes out looking
|
|
Batting: SHB Tony Morales
|
0-0: Ball 1-0: Single, Error in OF, E8, batter to second base (Groundball, 6D, EV 106.2 MPH)
|
|
Batting: SHB Raghnall Ahearne
|
0-0: Ground out 6-3 (Groundball, 56, EV 91.2 MPH)
|
| Top of the 2nd over - 0 runs, 1 hit, 1 error, 1 left on base; Clinton 0 - Kannapolis 0 |
| BOTTOM OF THE 2ND |
|
Kannapolis Intimidators batting - Pitching for Clinton LumberKings : RHP Frank Kats
|
|
Batting: LHB Ryan Dyal
|
0-0: Ball 1-0: Called Strike 1-1: Swinging Strike 1-2: Ball 2-2: Foul Ball, location: 2F 2-2: Foul Ball, location: 2F 2-2: Foul Ball, location: 2F 2-2: Ball 3-2: Foul Ball, location: 2F 3-2: Base on Balls
|
|
Batting: RHB Ethan McCullough
|
0-0: Ball 1-0: Ball 2-0: Grounds into double play, 6-4-3 (Groundball, 6, EV 105.6 MPH)
|
|
Batting: RHB Nick Kleckner
|
0-0: Called Strike 0-1: Ground out 6-3 (Groundball, 6M, EV 102.5 MPH)
|
| Bottom of the 2nd over - 0 runs, 0 hits, 0 errors, 0 left on base; Clinton 0 - Kannapolis 0 |
| TOP OF THE 3RD |
|
Clinton LumberKings batting - Pitching for Kannapolis Intimidators : RHP Jake Milligan
|
|
Batting: RHB Egidius Kruger
|
0-0: Called Strike 0-1: Ball 1-1: Ball 2-1: Called Strike 2-2: Ball 3-2: Ground out 5-3 (Groundball, 56, EV 88.1 MPH)
|
|
Batting: RHB Tomokazu Sugimoto
|
0-0: Called Strike 0-1: Ball 1-1: Ground out 6-3 (Groundball, 6, EV 103.1 MPH)
|
|
Batting: RHB Antonio Oyola
|
0-0: Ground out 6-3 (Groundball, 6MD, EV 81.2 MPH)
|
| Top of the 3rd over - 0 runs, 0 hits, 0 errors, 0 left on base; Clinton 0 - Kannapolis 0 |
| BOTTOM OF THE 3RD |
|
Kannapolis Intimidators batting - Pitching for Clinton LumberKings : RHP Frank Kats
|
|
Batting: RHB Tommy Ellington
|
0-0: Ball 1-0: Called Strike 1-1: Swinging Strike 1-2: Ball 2-2: Foul Ball, location: 2F 2-2: Foul Ball, location: 2F 2-2: Ball 3-2: Ground out 5-3 (Groundball, 56, EV 76.9 MPH)
|
|
Batting: RHB Kaoru Hamada
|
0-0: Ball 1-0: DOUBLE (Groundball, 5L, EV 105.6 MPH)
|
|
Pinch Runner at 2nd Jose Pereyra:
|
|
|
Batting: RHB Dave Dominguez
|
0-0: Foul Ball, location: 2F 0-1: Foul Ball, location: 2F 0-2: Ball 1-2: Ground out 5-3 (Groundball, 56S, EV 73.1 MPH) Jose Pereyra to third
|
|
Batting: RHB Kunimatsu Oya
|
0-0: Called Strike 0-1: Foul Ball, location: 2F 0-2: Strikes out swinging
|
| Bottom of the 3rd over - 0 runs, 1 hit, 0 errors, 1 left on base; Clinton 0 - Kannapolis 0 |
| TOP OF THE 4TH |
|
Clinton LumberKings batting - Pitching for Kannapolis Intimidators : RHP Jake Milligan
|
|
Now in LF: Dave Dominguez
|
|
|
Now in CF: Andres Agudo
|
|
|
Now in RF: Miguel Pacheco
|
|
|
Batting: RHB Ching-hsia Zhang
|
0-0: Ball 1-0: Foul Ball, location: 2F 1-1: Ball 2-1: Fly out, F4 (Popup, 4M, EV 67.5 MPH)
|
|
Batting: LHB Taki Matsui
|
0-0: SOLO HOME RUN (Flyball, 9D, EV 98.1 MPH), Distance : 354 ft
|
|
Batting: RHB Jose Zuniga
|
0-0: Called Strike 0-1: Foul Ball, location: 2F 0-2: Foul Ball, location: 2F 0-2: Ball 1-2: Ball 2-2: Ball 3-2: Strikes out swinging
|
|
Batting: RHB Matt Fenimore
|
0-0: Ball 1-0: Swinging Strike 1-1: Ball 2-1: Fly out, F9 (Line Drive, 9, EV 110.0 MPH)
|
| Top of the 4th over - 1 run, 1 hit, 0 errors, 0 left on base; Clinton 1 - Kannapolis 0 |
| BOTTOM OF THE 4TH |
|
Kannapolis Intimidators batting - Pitching for Clinton LumberKings : RHP Frank Kats
|
|
Batting: SHB Andres Agudo
|
0-0: Ball 1-0: Ball 2-0: Ball 3-0: Base on Balls
|
|
Batting: LHB Jesus Ramirez
|
0-0: Ball 1-0: Swinging Strike 1-1: Ball 2-1: 2-RUN HOME RUN (Flyball, 89XD, EV 108.8 MPH), Distance : 404 ft
|
|
Batting: LHB Ryan Dyal
|
0-0: Called Strike 0-1: Foul Ball, location: 2F 0-2: Ball 1-2: Ball 2-2: SINGLE (Groundball, 34D, EV 103.8 MPH)
|
|
Batting: RHB Ethan McCullough
|
0-0: Ball 1-0: Foul Ball, location: 2F 1-1: Ball Wild Pitch! Ryan Dyal to second 2-1: Foul Ball, location: 2F 2-2: Strikes out swinging
|
|
Batting: RHB Nick Kleckner
|
0-0: Foul Ball, location: 2F 0-1: Foul Ball, location: 2F 0-2: Foul Ball, location: 2F 0-2: Hit by Pitch
|
|
Batting: RHB Tommy Ellington
|
0-0: Ball 1-0: SINGLE (Line Drive, 8LS, EV 98.1 MPH) Ryan Dyal to third Nick Kleckner to second Runner from 3rd tries for Home, throw by CF and OUT! 8-2 Nick Kleckner to third Tommy Ellington to second
|
|
Batting: RHB Miguel Pacheco
|
0-0: Ball 1-0: Ball 2-0: Ball 3-0: Called Strike 3-1: Called Strike 3-2: Ground out 6-3 (Groundball, P, EV 85.6 MPH)
|
| Bottom of the 4th over - 2 runs, 3 hits, 0 errors, 2 left on base; Clinton 1 - Kannapolis 2 |
| TOP OF THE 5TH |
|
Clinton LumberKings batting - Pitching for Kannapolis Intimidators : RHP Jake Milligan
|
|
Batting: SHB Tony Morales
|
0-0: Called Strike 0-1: Ball 1-1: Swinging Strike 1-2: Strikes out swinging
|
|
Batting: SHB Raghnall Ahearne
|
0-0: Ball 1-0: Swinging Strike 1-1: Ball 2-1: SINGLE (Groundball, 25, EV 70.6 MPH) (infield hit)
|
|
Batting: RHB Egidius Kruger
|
0-0: Called Strike 0-1: Ball Raghnall Ahearne steals 2nd base 1-1: Ball 2-1: Ground out U3 (Groundball, 34, EV 83.8 MPH) Raghnall Ahearne to third
|
|
Batting: RHB Tomokazu Sugimoto
|
0-0: Foul Ball, location: 2F 0-1: Ground out 4-3 (Groundball, 4, EV 102.5 MPH)
|
| Top of the 5th over - 0 runs, 1 hit, 0 errors, 1 left on base; Clinton 1 - Kannapolis 2 |
| BOTTOM OF THE 5TH |
|
Kannapolis Intimidators batting - Pitching for Clinton LumberKings : RHP Frank Kats
|
|
Batting: RHB Dave Dominguez
|
0-0: Called Strike 0-1: Ball 1-1: Foul Ball, location: 2F 1-2: Strikes out swinging
|
|
Batting: RHB Kunimatsu Oya
|
0-0: Called Strike 0-1: Ground out 6-3 (Groundball, 6, EV 79.4 MPH)
|
|
Batting: SHB Andres Agudo
|
0-0: Called Strike 0-1: Ground out 4-3 (Groundball, 4, EV 90.6 MPH)
|
| Bottom of the 5th over - 0 runs, 0 hits, 0 errors, 0 left on base; Clinton 1 - Kannapolis 2 |
| TOP OF THE 6TH |
|
Clinton LumberKings batting - Pitching for Kannapolis Intimidators : RHP Jake Milligan
|
|
Batting: RHB Antonio Oyola
|
0-0: Ball 1-0: Ball 2-0: Called Strike 2-1: SINGLE (Groundball, 4MD, EV 98.1 MPH)
|
|
Batting: RHB Ching-hsia Zhang
|
0-0: Ball 1-0: Ball 2-0: Called Strike 2-1: Ground out 4-3 (Groundball, 34D, EV 107.5 MPH) Antonio Oyola to second
|
|
Pitching: RHP Shinya Ito
|
|
|
Batting: LHB Taki Matsui
|
0-0: Ball Antonio Oyola steals 3rd base 1-0: Swinging Strike 1-1: Called Strike 1-2: Strikes out swinging
|
|
Batting: RHB Jose Zuniga
|
0-0: Called Strike 0-1: Ground out 5-3 (Groundball, 5, EV 75.6 MPH)
|
| Top of the 6th over - 0 runs, 1 hit, 0 errors, 1 left on base; Clinton 1 - Kannapolis 2 |
| BOTTOM OF THE 6TH |
|
Kannapolis Intimidators batting - Pitching for Clinton LumberKings : RHP Frank Kats
|
|
Batting: LHB Jesus Ramirez
|
0-0: Ball 1-0: Ball 2-0: Swinging Strike 2-1: Fly out, F9 (Flyball, 9, EV 93.1 MPH)
|
|
Batting: LHB Ryan Dyal
|
0-0: Foul Ball, location: 2F 0-1: Swinging Strike 0-2: Ball 1-2: Strikes out looking
|
|
Batting: RHB Ethan McCullough
|
0-0: Called Strike 0-1: Ball 1-1: Swinging Strike 1-2: Ball 2-2: SINGLE (Groundball, 4MD, EV 103.1 MPH)
|
|
Pitching: RHP Raul Lopez
|
|
|
Batting: RHB Nick Kleckner
|
0-0: Reached on error, E5 (Groundball, 56, EV 89.4 MPH) Ethan McCullough to second
|
|
Batting: RHB Tommy Ellington
|
0-0: Fly out, F8 (Flyball, 89M, EV 77.5 MPH)
|
| Bottom of the 6th over - 0 runs, 1 hit, 1 error, 2 left on base; Clinton 1 - Kannapolis 2 |
| TOP OF THE 7TH |
|
Clinton LumberKings batting - Pitching for Kannapolis Intimidators : RHP Shinya Ito
|
|
Now at 1B: Luwen Storm
|
|
|
Now at 3B: Santos Guadalupe
|
|
|
Batting: RHB Matt Fenimore
|
0-0: Called Strike 0-1: Called Strike 0-2: Strikes out looking
|
|
Batting: SHB Tony Morales
|
0-0: Ball 1-0: Ball 2-0: Swinging Strike 2-1: Foul Ball, location: 2F 2-2: Strikes out looking
|
|
Batting: SHB Raghnall Ahearne
|
0-0: Called Strike 0-1: Swinging Strike 0-2: Foul Ball, location: 2F 0-2: Ball 1-2: Ball 2-2: Strikes out looking
|
| Top of the 7th over - 0 runs, 0 hits, 0 errors, 0 left on base; Clinton 1 - Kannapolis 2 |
| BOTTOM OF THE 7TH |
|
Kannapolis Intimidators batting - Pitching for Clinton LumberKings : RHP Raul Lopez
|
|
Batting: RHB Miguel Pacheco
|
0-0: Ball 1-0: Ball 2-0: Called Strike 2-1: Ball 3-1: Called Strike 3-2: Strikes out looking
|
|
Batting: RHB Dave Dominguez
|
0-0: Ball 1-0: Ball 2-0: Fly out, F8 (Flyball, 8RM, EV 86.2 MPH)
|
|
Batting: RHB Kunimatsu Oya
|
0-0: Ball 1-0: Ball 2-0: Foul Ball, location: 2F 2-1: Foul Ball, location: 2F 2-2: Strikes out swinging
|
| Bottom of the 7th over - 0 runs, 0 hits, 0 errors, 0 left on base; Clinton 1 - Kannapolis 2 |
| TOP OF THE 8TH |
|
Clinton LumberKings batting - Pitching for Kannapolis Intimidators : RHP Shinya Ito
|
|
Pitching: LHP Rodolfo Valencia
|
|
|
Batting: RHB Egidius Kruger
|
0-0: Called Strike 0-1: DOUBLE (Flyball, 78XD, EV 96.9 MPH) - OUT at third base trying to stretch hit.
|
|
Batting: RHB Tomokazu Sugimoto
|
0-0: Ball 1-0: Foul Ball, location: 2F 1-1: SINGLE (Groundball, 34D, EV 98.1 MPH)
|
|
Batting: RHB Antonio Oyola
|
0-0: Ball 1-0: Ground out 5-3 (Groundball, 56S, EV 73.1 MPH) Tomokazu Sugimoto to second
|
|
Batting: RHB Ching-hsia Zhang
|
0-0: Ball Wild Pitch! Tomokazu Sugimoto to third 1-0: Ball 2-0: Ball 3-0: Base on Balls
|
|
Pinch Hitting: RHB Ivan Davila
|
0-0: Ball 1-0: Fly out, F8 (Flyball, 8LM, EV 88.1 MPH)
|
| Top of the 8th over - 0 runs, 2 hits, 0 errors, 2 left on base; Clinton 1 - Kannapolis 2 |
| BOTTOM OF THE 8TH |
|
Kannapolis Intimidators batting - Pitching for Clinton LumberKings : RHP Raul Lopez
|
|
Now at 1B: Ivan Davila
|
|
|
Batting: SHB Andres Agudo
|
0-0: Foul Ball, location: 2F 0-1: Ground out U3 (Groundball, 34S, EV 81.9 MPH)
|
|
Batting: RHB Luwen Storm
|
0-0: Called Strike 0-1: Ball 1-1: Swinging Strike 1-2: Strikes out swinging, 2-3 out at first.
|
|
Batting: LHB Ryan Dyal
|
0-0: Called Strike 0-1: Called Strike 0-2: Ground out 4-3 (Groundball, 4, EV 80.0 MPH)
|
| Bottom of the 8th over - 0 runs, 0 hits, 0 errors, 0 left on base; Clinton 1 - Kannapolis 2 |
| TOP OF THE 9TH |
|
Clinton LumberKings batting - Pitching for Kannapolis Intimidators : LHP Rodolfo Valencia
|
|
Pitching: LHP Ray Sowers
|
|
|
Batting: RHB Jose Zuniga
|
0-0: Ball 1-0: Ball 2-0: Called Strike 2-1: Ground out 6-3 (Groundball, 56S, EV 90.6 MPH)
|
|
Batting: RHB Matt Fenimore
|
0-0: Called Strike 0-1: Swinging Strike 0-2: Strikes out swinging
|
|
Batting: SHB Tony Morales
|
0-0: Called Strike 0-1: Ball 1-1: Ball 2-1: Ball 3-1: Ground out 6-3 (Groundball, 56, EV 88.1 MPH)
|
| Top of the 9th over - 0 runs, 0 hits, 0 errors, 0 left on base; Clinton 1 - Kannapolis 2 |
|